 Dungeon Crawl Stone Soup version 0.29-a0-577-gafbf2c5d25 (webtiles) character file.

Game seed: 5218835948782303103

2170 croobank the Covert (level 9, 0/74 HPs)
             Began as a Gnoll Delver on June 14, 2022.
             Slain by a centaur warrior skeleton (2 damage)
             ... on level 7 of the Dungeon.
             The game lasted 00:18:46 (6827 turns).

croobank the Covert (Gnoll Delver)                  Turns: 6827, Time: 00:18:50

Health: 0/74       AC:  9    Str: 11    XL:     9   Next: 32%
Magic:  15/15      EV: 13    Int: 14    God:
Gold:   237        SH:  0    Dex: 16    Spells: 16/16 levels left

rFire   . . .      SeeInvis +   J - +2 whip (flame)
rCold   + . .      Faith    .   (no shield)
rNeg    . . .      Spirit   .   q - +2 ring mail {rC+}
rPois   .          Reflect  .   (no helmet)
rElec   .          Harm     .   x - +0 cloak
rCorr   .          Rampage  .   (no gloves)
Will    .....                   (no boots)
Stlth   +++++.....              (no amulet)
HPRegen 0.22/turn               B - ring of see invisible
MPRegen 0.14/turn               (no ring)

@: no status effects
A: fangs 1, strong nose, distributed training, camouflage 1, agile 1
a: no special abilities


You were on level 7 of the Dungeon.
You visited 1 branch of the dungeon, and saw 7 of its levels.

You collected 237 gold pieces.

Inventory:

Hand Weapons
 a - a +0 hand axe
 r - a +0 dagger of venom
 y - a +2 spectral club
 C - a +0 long sword
 E - a +0 halberd
 F - a +0 trident
 G - a +3 vorpal flail
 J - a +2 whip of flaming (weapon)
 P - a +0 hand crossbow
Missiles
 N - 14 boomerangs of dispersal (quivered)
Armour
 b - a +0 leather armour
 n - a scarf of harm
 q - a +2 ring mail of cold resistance (worn)
 x - a +0 cloak (worn)
 K - a +2 robe of willpower
Jewellery
 B - a ring of see invisible (left hand)
 H - a +6 ring of dexterity
Wands
 g - a wand of digging (3)
 I - a wand of flame (15)
Scrolls
 c - 2 scrolls of fog
 e - 3 scrolls of fear
 f - 2 scrolls of poison {unknown}
 h - 7 scrolls of teleportation {unknown}
 p - 3 scrolls of enchant armour {unknown}
 u - a scroll of vulnerability {unknown}
 v - a scroll of enchant weapon {unknown}
 A - 2 scrolls of identify
 M - a scroll of silence {unknown}
Potions
 d - 2 potions of attraction
 i - a potion of magic
 j - 2 potions of mutation
 k - a potion of degeneration {unknown}
 l - 6 potions of curing {unknown}
 m - a potion of ambrosia {unknown}
 o - a potion of cancellation {unknown}
 t - 3 potions of brilliance {unknown}
 w - a potion of invisibility {unknown}
 z - 3 potions of might {unknown}
 D - a potion of lignification {unknown}
 L - a potion of heal wounds {unknown}
 O - a potion of flight {unknown}


   Skills:
 + Level 7.8 Fighting
 + Level 4.1 Short Blades
 + Level 4.1 Long Blades
 + Level 6.2 Axes
 + Level 4.1 Maces & Flails
 + Level 4.1 Polearms
 + Level 4.1 Staves
 + Level 4.1 Slings
 + Level 4.1 Bows
 + Level 4.1 Crossbows
 + Level 4.1 Throwing
 + Level 4.1 Armour
 + Level 6.2 Dodging
 + Level 10.4 Stealth
 + Level 4.1 Shields
 + Level 4.1 Unarmed Combat
 + Level 4.1 Spellcasting
 + Level 3.4 Conjurations
 + Level 3.4 Hexes
 + Level 3.4 Summonings
 + Level 3.4 Necromancy
 + Level 3.4 Translocations
 + Level 3.4 Transmutations
 + Level 3.4 Fire Magic
 + Level 3.4 Ice Magic
 + Level 3.4 Air Magic
 + Level 3.4 Earth Magic
 + Level 3.4 Poison Magic
 + Level 4.5 Invocations
 + Level 4.1 Evocations


You had 16 spell levels left.
You didn't know any spells.
Your spell library contained the following spells:

 Spells                   Type           Power      Damage    Failure   Level
 Magic Dart               Conj           48%        1d5       11%         1
 Ensorcelled Hibernation  Hex/Ice        24%        N/A       16%         2
 Passwall                 Tmut/Erth      10%        N/A       16%         2
 Searing Ray              Conj           24%        2d5       16%         2
 Gell's Gravitas          Tloc           12%        N/A       32%         3
 Swiftness                Air            12%        N/A       32%         3
 Teleport Other           Tloc           12%        N/A       32%         3
 Cause Fear               Hex            6%         N/A       71%         4
 Fulminant Prism          Conj/Hex       6%         3d7       71%         4
 Dispersal                Tloc           6%         N/A       100%        6
 Dragon Form              Tmut           6%         N/A       100%        7
 Dragon's Call            Summ           6%         N/A       100%        9


Dungeon Overview and Level Annotations

Branches:
Dungeon (7/15)
 Temple: D:4-7

Altars:
Trog

Shops:
D:5 (


Innate Abilities, Weirdness & Mutations

You have very sharp teeth.
Your uncanny sense of smell can sniff out nearby items.
Your experience applies equally to all skills.
Your skin changes colour to match your surroundings (Stealth+).
You are agile. (Dex +2)


Message History

The centaur warrior skeleton barely misses you.
The centaur warrior skeleton hits you but does no damage.
The centaur warrior skeleton kicks you but does no damage.
Aiming: Corrosive Bolt
Press: ? - help, Shift-Dir - straight line, f - centaur warrior skeleton
Aim: a centaur warrior skeleton (lightly damaged, 100% to hit)
The bolt of acid hits the centaur warrior skeleton!
The acid corrodes the centaur warrior skeleton!
The centaur warrior skeleton is moderately damaged.
The centaur warrior skeleton hits you.
* * * LOW HITPOINT WARNING * * *
The centaur warrior skeleton closely misses you.
It was a potion of mutation.
You feel extremely strange.
Your skin functions as natural camouflage.
You feel agile.
The centaur warrior skeleton hits you but does no damage.
The centaur warrior skeleton kicks you.
* * * LOW HITPOINT WARNING * * *
Okay, then.
Okay, then.
You barely miss the centaur warrior skeleton.
The centaur warrior skeleton is moderately damaged.
The centaur warrior skeleton hits you but does no damage.
The centaur warrior skeleton closely misses you.
Aiming: Corrosive Bolt
Press: ? - help, Shift-Dir - straight line, f/p - centaur warrior skeleton
Aim: a centaur warrior skeleton (moderately damaged, covered in acid, 100% to hit)
The bolt of acid hits the centaur warrior skeleton!!
The centaur warrior skeleton is severely damaged.
The centaur warrior skeleton hits you but does no damage.
The centaur warrior skeleton kicks you but does no damage.
The centaur warrior skeleton hits you but does no damage.
The centaur warrior skeleton kicks you but does no damage.
Aiming: Corrosive Bolt
Press: ? - help, Shift-Dir - straight line, f/p - centaur warrior skeleton
Aim: a centaur warrior skeleton (severely damaged, covered in acid, 100% to hit)
The bolt of acid hits the centaur warrior skeleton!!
The centaur warrior skeleton is almost destroyed.
The now-empty wand crumbles to dust.
The centaur warrior skeleton hits you.
You die...

#.###[# #.# #.#
#.# #.# #.# #.#
###'###.#
#.......# ##
#.......##### ..
#...........# .#
###'###..@..####.#
#....#..Z..#....#
#....#.....#....#
#....#.....'....#
#....#######....#
###### #.....#
#.....# #.Z...#
#.....#


You could see a centaur warrior skeleton (corroded).

Vanquished Creatures
  Pikel (D:4)
  A centaur zombie (D:7)
  Menkaure (D:6)
  Edmund (D:4)
  2 black bears
  3 ogres
  An ice beast (D:5)
  A kobold brigand (D:6)
  2 scorpions
  A howler monkey (D:5)
  A hound (D:6)
  Jessica (D:2)
  4 iguanas
  3 gnolls (D:3)
  10 adders
  2 river rats (D:5)
  3 shadow imps
  3 white imps
  A worm (D:5)
  4 dart slugs
  10 orcs
  6 bats
  8 endoplasms
  5 giant cockroaches
  4 goblins
  4 hobgoblins
  3 jackals (D:2)
  10 kobolds
  7 quokkas
  7 ball pythons
  8 frilled lizards
  5 rats
  A spectral kobold (D:2)
124 creatures vanquished.

Vanquished Creatures (others)
  4 plants (D:5)
  12 withered plants (D:7)
16 creatures vanquished.

Grand Total: 140 creatures vanquished

Notes
Turn   | Place    | Note
-------+----------+-------------------------------------------
     0 | D:5      | Reached skill level 9 in Stealth
     0 | D:5      | croobank the Gnoll Delver began the quest for the Orb.
     0 | D:5      | Reached XP level 1. HP: 23/23 MP: 1/1
    30 | D:5      | Noticed an iguana
   156 | D:4      | Reached XP level 2. HP: 28/29 MP: 2/2
   175 | D:4      | Noticed a black bear
   221 | D:4      | Noticed Edmund
   620 | D:1      | Reached XP level 3. HP: 27/35 MP: 3/3
  1466 | D:2      | Reached skill level 1 in Invocations
  1481 | D:2      | Reached skill level 1 in Short Blades
  1481 | D:2      | Reached skill level 1 in Long Blades
  1481 | D:2      | Reached skill level 1 in Maces & Flails
  1481 | D:2      | Reached skill level 1 in Polearms
  1481 | D:2      | Reached skill level 1 in Staves
  1481 | D:2      | Reached skill level 1 in Slings
  1481 | D:2      | Reached skill level 1 in Bows
  1481 | D:2      | Reached skill level 1 in Crossbows
  1481 | D:2      | Reached skill level 1 in Throwing
  1481 | D:2      | Reached skill level 1 in Armour
  1481 | D:2      | Reached skill level 1 in Shields
  1481 | D:2      | Reached skill level 1 in Unarmed Combat
  1481 | D:2      | Reached skill level 1 in Spellcasting
  1481 | D:2      | Reached skill level 1 in Evocations
  1551 | D:2      | Found a faded altar of an unknown god.
  1577 | D:2      | Reached XP level 4. HP: 28/41 MP: 5/5
  1956 | D:2      | Noticed Jessica
  1968 | D:2      | Killed Jessica
  1969 | D:2      | Reached skill level 1 in Conjurations
  1969 | D:2      | Reached skill level 1 in Hexes
  1969 | D:2      | Reached skill level 1 in Summonings
  1969 | D:2      | Reached skill level 1 in Necromancy
  1969 | D:2      | Reached skill level 1 in Translocations
  1969 | D:2      | Reached skill level 1 in Transmutations
  1969 | D:2      | Reached skill level 1 in Fire Magic
  1969 | D:2      | Reached skill level 1 in Ice Magic
  1969 | D:2      | Reached skill level 1 in Air Magic
  1969 | D:2      | Reached skill level 1 in Earth Magic
  1969 | D:2      | Reached skill level 1 in Poison Magic
  2173 | D:2      | Reached XP level 5. HP: 47/47 MP: 5/7
  3292 | D:4      | Killed a black bear
  3293 | D:4      | Reached XP level 6. HP: 43/53 MP: 8/8
  3470 | D:4      | Noticed Pikel
  3481 | D:4      | Killed Pikel
  3482 | D:4      | Reached skill level 5 in Axes
  3482 | D:4      | Reached skill level 5 in Dodging
  3482 | D:4      | Reached XP level 7. HP: 5/60 MP: 8/10
  3816 | D:4      | Reached skill level 10 in Stealth
  3939 | D:4      | Killed Edmund
  4346 | D:5      | Reached XP level 8. HP: 52/67 MP: 12/12
  5103 | D:5      | Found Vaqu's Antique Weapon Shop.
  6033 | D:6      | Noticed Menkaure
  6041 | D:6      | Killed Menkaure
  6042 | D:6      | Reached XP level 9. HP: 38/73 MP: 14/14
  6312 | D:6      | Found a bloodstained altar of Trog.
  6484 | D:7      | Noticed a hellwing
  6484 | D:7      | Noticed a hellwing
  6824 | D:7      | Gained mutation: Your skin changes colour to match your
                  | surroundings (Stealth+). [potion of mutation]
  6824 | D:7      | Gained mutation: You are agile. (Dex +2) [potion of
                  | mutation]
  6824 | D:7      | HP: 2/74 [centaur warrior skeleton (3)]
  6827 | D:7      | Slain by a centaur warrior skeleton

Illustrated notes

Levels and vault maps discovered:
D:1:      dpeg_arrival_pits, layout_basic, moated_statue,
          minmay_strange_pillars, minmay_misc_feat_pillars
D:2:      layout_rooms, dreamdust_ecumenical_altar_drowned_temple, uniq_jessica
D:3:      layout_loops_ring
D:4:      layout_basic, nicolae_figureground_pulse, uniq_edmund, uniq_pikel
D:5:      layout_gridville, gup_sewer_entry_spiral, serial_shops,
          nicolae_shop_overgrown_old_shop, roderic_three_in_a_row
D:6:      layout_gridville, mainiacjoe_overflow_concentric_impassable,
          minmay_unpleasant_kobolds, uniq_menkaure
D:7:      cheibrodos_grave_circle, layout_basic, minmay_temple_entry_hall,
          ebering_ghost_gozag

Skill      XL: |  1  2  3  4  5  6  7  8  9 |
---------------+----------------------------+-----
Stealth        | 10 | 10.4
Invocations    | 1 2 3 4 |  4.5
Short Blades   | 1 2 3 4 |  4.1
Long Blades    | 1 2 3 4 |  4.1
Maces & Flails | 1 2 3 4 |  4.1
Polearms       | 1 2 3 4 |  4.1
Staves         | 1 2 3 4 |  4.1
Slings         | 1 2 3 4 |  4.1
Bows           | 1 2 3 4 |  4.1
Crossbows      | 1 2 3 4 |  4.1
Throwing       | 1 2 3 4 |  4.1
Armour         | 1 2 3 4 |  4.1
Shields        | 1 2 3 4 |  4.1
Unarmed Combat | 1 2 3 4 |  4.1
Spellcasting   | 1 2 3 4 |  4.1
Evocations     | 1 2 3 4 |  4.1
Conjurations   | 1 2 3 |  3.4
Hexes          | 1 2 3 |  3.4
Summonings     | 1 2 3 |  3.4
Necromancy     | 1 2 3 |  3.4
Translocations | 1 2 3 |  3.4
Transmutations | 1 2 3 |  3.4
Fire Magic     | 1 2 3 |  3.4
Ice Magic      | 1 2 3 |  3.4
Air Magic      | 1 2 3 |  3.4
Earth Magic    | 1 2 3 |  3.4
Poison Magic   | 1 2 3 |  3.4
Fighting       | 7 |  7.8
Axes           | 5 6 |  6.2
Dodging        | 5 6 |  6.2

Action                   |  1- 3 |  4- 6 |  7- 9 || total
-------------------------+-------+-------+-------++-------
Melee: Hand axe          |   124 |    31 |       ||   155
       Bite              |     8 |     7 |    23 ||    38
       Dagger            |     4 |    43 |       ||    47
       Punch             |       |     3 |    11 ||    14
       Club              |       |    23 |   201 ||   224
       Whip              |       |       |    13 ||    13
Evoke: Wand              |       |     1 |     6 ||     7
  Use: Scroll            |     4 |       |     2 ||     6
       Potion            |     1 |       |     1 ||     2
 Stab: Sleeping          |     7 |    16 |     5 ||    28
       Distracted        |       |       |     3 ||     3
Armor: Ring mail         |    55 |    36 |   115 ||   206
       Leather armour    |     1 |       |       ||     1
Dodge: Dodged            |    81 |    43 |   130 ||   254

Table legend: (Time is in decaauts)
 A = Elapsed time spent in this place.
 B = Non-inter-level travel time spent in this place.
 C = Inter-level travel time spent in this place.
 D = Time resting spent in this place.
 E = Time spent auto-exploring this place.
 F = Levels seen in this place.
 G = Mean time per level.
                   A        B        C        D        E       F      G
               +--------+--------+--------+--------+--------+-----+--------+
         Total |   6899 |   6603 |    296 |    606 |   4377 |   7 |  985.6 |
       Dungeon |   6899 |   6603 |    296 |    606 |   4377 |   7 |  985.6 |
               +--------+--------+--------+--------+--------+-----+--------+

Top non-repeatable levels by time:
     D:4: 1265 daAuts
     D:6: 1249 daAuts
     D:5: 1243 daAuts
     D:2: 1015 daAuts
     D:1: 1010 daAuts
     D:3: 974 daAuts
     D:7: 140 daAuts
